 Dungeon Crawl Stone Soup version 0.28-a0-1395-g4f6bc678fa (webtiles) character file.

Game seed: 3393418577820373232

1716 MacCMillion the Digger (level 9, -2/54 HPs)
             Began as a Kobold Earth Elementalist on Jan 4, 2022.
             Was a Priest of Uskayaw.
             Slain by a water moccasin (3 damage)
             ... on level 6 of the Dungeon.
             The game lasted 00:40:58 (9475 turns).

MacCMillion the Digger (Kobold Earth Elementalist)  Turns: 9475, Time: 00:40:59

Health: -2/54      AC: 10    Str: 13    XL:     9   Next: 24%
Magic:  3/13       EV: 16    Int: 18    God:    Uskayaw [***...]
Gold:   472        SH:  0    Dex: 16    Spells: 7/14 levels left

rFire   + . .      SeeInvis .   l - +1 dagger (venom)
rCold   . . .      Faith    +   (no shield)
rNeg    . . .      Spirit   .   q - +3 leather armour
rPois   .          Reflect  .   (no helmet)
rElec   .          Harm     .   (no cloak)
rCorr   +          Rampage  .   (no gloves)
Will    .....                   (no boots)
Stlth   ++++......              s - amulet of faith
HPRegen 0.18/turn               n - +6 ring of strength
MPRegen 0.13/turn               y - ring of Recklessness {rF+ rCorr AC+4}

@: no status effects
A: small, no large weapons, nightstalker 3
a: Renounce Religion, Stomp, Line Pass


You were on level 6 of the Dungeon.
You worshipped Uskayaw.
Uskayaw was noncommittal.
You visited 2 branches of the dungeon, and saw 8 of its levels.

You collected 472 gold pieces.

Inventory:

Hand Weapons
 k - a +2 dagger of speed
 l - a +1 dagger of venom (weapon)
Missiles
 c - 85 stones
 d - 6 curare-tipped darts
 f - 7 boomerangs
Armour
 b - a +0 robe
 j - a +0 leather armour
 q - a +3 leather armour (worn)
Jewellery
 n - a +6 ring of strength (left hand)
 s - an amulet of faith (around neck)
 y - the ring of Recklessness (right hand) {rF+ rCorr AC+4}
   (You found it on level 5 of the Dungeon)

   [ring of protection]

   AC:        It affects your AC (+4).
   rF:        It protects you from fire.
   rCorr:     It protects you from acid and corrosion.
Wands
 t - a wand of iceblast (10)
 v - a wand of flame (8)
 w - a wand of charming (8)
Scrolls
 a - a scroll of silence
 m - a scroll of blinking
 o - a scroll of enchant armour {unknown}
 r - 3 scrolls of brand weapon {unknown}
 u - a scroll of fear {unknown}
 A - a scroll of amnesia {unknown}
 D - 2 scrolls of identify
Potions
 e - a potion of magic
 g - a potion of flight
 h - a potion of brilliance {unknown}
 i - 3 potions of curing
 p - a potion of resistance
 x - a potion of lignification
 z - a potion of invisibility {unknown}
 B - a potion of berserk rage {unknown}
 C - a potion of mutation {unknown}


   Skills:
 - Level 5.0 Fighting
 - Level 5.0 Dodging
 - Level 4.5 Stealth
 - Level 3.0 Spellcasting
 - Level 6.0 Transmutations
 + Level 7.2 Earth Magic


You had 7 spell levels left.
You knew the following spells:

 Your Spells              Type           Power      Damage    Failure   Level
a - Sandblast             Erth           56%        2d13      1%          1
b - Passwall              Tmut/Erth      21%        N/A       1%          2
c - Petrify               Tmut/Erth      26%        N/A       14%         4

Your spell library contained the following spells:

 Spells                   Type           Power      Damage    Failure   Level
 Stone Arrow              Conj/Erth      30%        3d8       14%         3
 Apportation              Tloc           4%         N/A       21%         1
 Slow                     Hex            8%         N/A       21%         1
 Confusing Touch          Hex            2%         N/A       52%         3
 Gell's Gravitas          Tloc           2%         N/A       52%         3
 Ozocubu's Armour         Ice            2%         N/A       52%         3
 Teleport Other           Tloc           2%         N/A       52%         3
 Vampiric Draining        Necr           2%         2d6       52%         3
 Alistair's Intoxication  Tmut/Pois      8%         N/A       86%         5
 Fireball                 Conj/Fire      1%         3d3       99%         5
 Iskenderun's Battlesphe  Conj           2%         2d6       99%         5
 Conjure Ball Lightning   Conj/Air       1%         3x3d6     100%        6
 Dispersal                Tloc           1%         N/A       100%        6
 Orb of Destruction       Conj           1%         N/A       100%        7
 Ozocubu's Refrigeration  Ice            1%         4d5       100%        7


Dungeon Overview and Level Annotations

Branches:
Dungeon (7/15)             Temple (1/1) D:4

Altars:
Ashenzari
Cheibriados
Dithmenos
Elyvilon
Fedhas
Hepliaklqana
Kikubaaqudgha
Makhleb
Nemelex Xobeh
Okawaru
Qazlal
Ru
Sif Muna
Trog
Uskayaw
Vehumet
Wu Jian
Xom
Yredelemnul
Zin
The Shining One

Shops:
D:2 *

Annotations:
D:2 1 runed translucent door, Crazy Yiuf
D:5 exclusion: water moccasin, Sigmund
D:7 exclusion: steam dragon


Innate Abilities, Weirdness & Mutations

You are small and have problems with some larger weapons.
You are completely attuned to the shadows.


Message History

You feel sick. The water moccasin bites you.
The water moccasin closely misses you.
You barely miss the water moccasin.
The water moccasin is lightly wounded.
You feel sick. The water moccasin barely misses you.
You hit the water moccasin.
The water moccasin is lightly wounded.
You feel sick. The water moccasin barely misses you.
Uskayaw will force your foes to helplessly watch your dance.
Uskayaw prepares the audience for your solo!
Unknown command.
Okay, then.
Okay, then.
The helpless water moccasin fails to defend itself.
You puncture the water moccasin!
The water moccasin is severely wounded.
You feel sick.
The water moccasin is no longer paralysed.
The water moccasin closely misses you. x2
You closely miss the water moccasin.
The water moccasin is severely wounded.
You feel sick.
You are no longer poisoned.
The water moccasin bites you.
* * * LOW HITPOINT WARNING * * *
You barely miss the water moccasin.
The water moccasin is severely wounded.
The water moccasin closely misses you.
The water moccasin completely misses you.
You hit the water moccasin.
The water moccasin is severely wounded.
The water moccasin bites you!
* * * LOW HITPOINT WARNING * * *
You hit the water moccasin but do no damage.
The water moccasin is severely wounded.
The water moccasin barely misses you.
You hit the water moccasin.
The water moccasin is almost dead.
The water moccasin bites you.
You die...

##..#########.#
#.#.####### #.#
.###......# #.#
..#.#####.###.####
##..####.........#
...#..........##.#
.##.#####.######.#
.##.# #.# #S#
.##.# ..# #@##
.... .... #..# ##
##.# #.# #.# #.
#.# .# #.# #.
#.##.# #.#
###.###....# #.#
...B...<...# #.#
####o##.##.# #.#


You could see a water moccasin.

Vanquished Creatures
  A sky beast (D:6)
  3 ogres
  3 centaurs
  2 phantoms (D:6)
  A bullfrog (D:7)
  A wyvern zombie (D:6)
  A scorpion (D:6)
  A water moccasin skeleton (D:6)
  A wight (D:6)
  A centaur zombie (D:7)
  3 hounds
  A centaur skeleton (D:5)
  3 orc priests
  A jelly (D:5)
  3 bullfrog skeletons (D:6)
  An iguana (D:2)
  2 orc wizards
  A killer bee zombie (D:5)
  A howler monkey zombie (D:6)
  Robin (D:3)
  3 gnolls (D:3)
  8 adders
  A shadow imp (D:6)
  2 white imps (D:6)
  2 worms
  3 dart slugs
  17 orcs
  6 ball pythons
  7 bats
  6 endoplasms
  2 giant cockroaches
  11 goblins
  13 hobgoblins
  2 quokkas (D:2)
  4 frilled lizards
  7 kobolds
  3 rats
129 creatures vanquished.

Notes
Turn   | Place    | Note
-------+----------+-------------------------------------------
     0 | D:1      | MacCMillion the Kobold Earth Elementalist began the quest
                  | for the Orb.
     0 | D:1      | Reached XP level 1. HP: 10/10 MP: 3/3
   236 | D:1      | Reached XP level 2. HP: 15/15 MP: 3/5
   239 | D:1      | Learned a level 2 spell: Passwall
  1133 | D:2      | Reached XP level 3. HP: 18/19 MP: 4/6
  1391 | D:2      | Found Puigruep's Assorted Antiques.
  1753 | D:2      | Reached XP level 4. HP: 16/24 MP: 8/8
  1966 | D:2      | Found a runed translucent door.
  1969 | D:2      | Noticed Crazy Yiuf
  2129 | D:2      | Reached skill level 1 in Fighting
  2580 | D:3      | Reached XP level 5. HP: 29/29 MP: 7/9
  2936 | D:3      | Noticed Robin
  3404 | D:3      | Killed Robin
  3537 | D:3      | Reached XP level 6. HP: 35/35 MP: 8/10
  3607 | D:2      | Reached skill level 4 in Earth Magic
  3612 | D:2      | Learned a level 4 spell: Petrify
  4258 | D:4      | Identified the +4 robe "Forget-Me-Not" {Harm rC+ rCorr
                  | Dex-5}
  4483 | D:4      | Found a staircase to the Ecumenical Temple.
  5243 | Temple   | Entered the Ecumenical Temple
  5344 | Temple   | Became a worshipper of Uskayaw the Reveller
  5360 | D:5      | Entered Level 5 of the Dungeon
  5388 | D:5      | Noticed a water moccasin
  5396 | D:5      | Reached * piety under Uskayaw
  5707 | D:5      | Noticed Sigmund
  5944 | D:5      | Reached ** piety under Uskayaw
  5945 | D:5      | Reached XP level 7. HP: 41/41 MP: 8/11
  5958 | D:5      | Identified the ring of Recklessness {rF+ rCorr AC+4}
  6213 | D:5      | Reached skill level 5 in Earth Magic
  6831 | D:6      | Reached XP level 8. HP: 33/48 MP: 12/12
  7275 | D:6      | Reached skill level 5 in Fighting
  7275 | D:6      | Reached skill level 6 in Earth Magic
  7359 | D:6      | Reached *** piety under Uskayaw
  7366 | D:6      | Reached **** piety under Uskayaw
  7367 | D:6      | Reached skill level 5 in Transmutations
  8496 | D:6      | Noticed a boulder beetle
  8956 | D:7      | Reached XP level 9. HP: 22/54 MP: 13/13
  9401 | D:6      | Reached skill level 7 in Earth Magic
  9461 | D:6      | Reached skill level 5 in Dodging
  9473 | D:6      | HP: 1/54 [water moccasin (8)]
  9475 | D:6      | Slain by a water moccasin

Illustrated notes

Levels and vault maps discovered:
D:1:      shiori_arrival_oz, layout_basic
D:2:      layout_basic, serial_shops, nicolae_shop_hallway_plus,
          minmay_quantized, uniq_crazy_yiuf_cottage
D:3:      layout_basic, uniq_robin
D:4:      layout_rooms, minmay_temple_entry_glassed_door
D:5:      layout_basic, uniq_sigmund
D:6:      layout_loops_ring, minmay_alternating_orb
D:7:      layout_basic, serial_shops, nicolae_shop_hallway_plus
Temple:   dpeg_three_leaves_temple

Skill      XL: |  1  2  3  4  5  6  7  8  9 |
---------------+----------------------------+-----
Stealth        | 3 4 |  4.5
Transmutations | 2 3 4 6 |  6.0
Fighting       | 1 3 4 5 |  5.0
Spellcasting   | 3 |  3.0
Earth Magic    | 4 5 6 7 |  7.2
Dodging        | 3 5 |  5.0

Action                   |  1- 3 |  4- 6 |  7- 9 || total
-------------------------+-------+-------+-------++-------
Melee: Unarmed           |     2 |       |       ||     2
       Dagger            |    24 |    66 |   282 ||   372
 Cast: Sandblast         |    14 |    85 |    14 ||   113
       Petrify           |       |       |     5 ||     5
Invok: Stomp             |       |       |     1 ||     1
  Use: Scroll            |       |       |     6 ||     6
 Stab: Sleeping          |     7 |     8 |     6 ||    21
       Distracted        |       |     1 |     2 ||     3
       Paralysed         |       |       |     2 ||     2
       Petrified         |       |       |     2 ||     2
       Petrifying        |       |       |     1 ||     1
Armor: Robe              |     3 |       |       ||     3
       Leather armour    |     8 |    40 |    85 ||   133
Dodge: Dodged            |    17 |    93 |   165 ||   275

Table legend: (Time is in decaauts)
 A = Elapsed time spent in this place.
 B = Non-inter-level travel time spent in this place.
 C = Inter-level travel time spent in this place.
 D = Time resting spent in this place.
 E = Time spent auto-exploring this place.
 F = Levels seen in this place.
 G = Mean time per level.
                   A        B        C        D        E       F      G
               +--------+--------+--------+--------+--------+-----+--------+
         Total |   9409 |   8920 |    489 |   2694 |   3081 |   8 | 1176.1 |
       Dungeon |   9301 |   8812 |    489 |   2694 |   3072 |   7 | 1328.7 |
        Temple |    107 |    107 |      0 |      0 |      9 |   1 |  107.0 |
               +--------+--------+--------+--------+--------+-----+--------+

Top non-repeatable levels by time:
     D:2: 2323 daAuts
     D:6: 1606 daAuts
     D:5: 1489 daAuts
     D:3: 1278 daAuts
     D:1: 1090 daAuts
     D:7: 944 daAuts
     D:4: 568 daAuts
  Temple: 107 daAuts
